 Dungeon Crawl Stone Soup version 0.28-a0-1389-gc726bef33b (webtiles) character file.

Game seed: 13636356911589415595

114 GainsdalftheGwei the Slasher (level 4, -3/34 HPs)
             Began as a Demonspawn Gladiator on Jan 3, 2022.
             Slain by a kobold brigand (7 damage)
             ... in a sewer.
             The game lasted 00:03:57 (2786 turns).

GainsdalftheGwei the Slasher (Demonspawn Gladiator) Turns: 2786, Time: 00:03:57

Health: -3/34      AC:  9    Str: 17      XL:     4   Next: 67%
Magic:  4/4        EV:  7    Int:  9      God:
Gold:   160        SH:  0    Dex: 11 (14) Spells: 3/3 levels left

rFire   . . .      SeeInvis .   a - +1 long sword
rCold   . . .      Faith    .   (no shield)
rNeg    . . .      Spirit   .   g - +0 chain mail
rPois   .          Reflect  .   c - +0 helmet
rElec   .          Harm     .   (no cloak)
rCorr   .          Rampage  .   (no gloves)
Will    .....                   (no boots)
Stlth   ..........              (no amulet)
HPRegen 0.11/turn               (no ring)
MPRegen 0.18/turn               (no ring)

@: mighty, lethally poisoned (-3 -> -6), slowed, very slow
A: foul stench 1, magic regeneration
a: no special abilities


You were in a sewer.
You visited 1 branch of the dungeon, and saw 4 of its levels.
You also visited: Sewer.

You collected 160 gold pieces.

Inventory:

Hand Weapons
 a - a +1 long sword (weapon)
Missiles
 d - 3 throwing nets (quivered)
 e - 21 poisoned darts
Armour
 c - a +0 helmet (worn)
 g - a +0 chain mail (worn)
Scrolls
 b - a scroll of enchant weapon
 f - a scroll of teleportation
 h - a scroll of blinking


   Skills:
 + Level 2.6 Fighting
 + Level 3.7 Long Blades
 + Level 1.8 Throwing
 + Level 1.3 Armour
 + Level 3.3 Dodging
 + Level 0.3 Stealth


You had 3 spell levels left.
You didn't know any spells.
Your spell library was empty.

Dungeon Overview and Level Annotations

Branches:
Dungeon (4/15)              Sewer (1/1)
 Temple: D:4-7

Altars:
Ashenzari
Xom


Innate Abilities, Weirdness & Mutations

You may rarely emit foul miasma when damaged in melee.
You regenerate magic rapidly.


Message History

The rat bites you but does no damage. The rat bites you but does no damage.
You see here a rat corpse.
The rat bites you but does no damage. The rat bites you but does no damage.
You slash the rat!
You kill the rat!
You see here a rat corpse.
Unknown command.
You start resting.
HP restored.
You open the door. 2 kobold brigands come into view.
A kobold brigand is wielding a +0 short sword and quivering curare-tipped darts.
A kobold brigand is wielding a +0 short sword and quivering curare-tipped darts.
The kobold brigand shouts! x2
The kobold brigand hits you with a +0 short sword.
There is an open door here.
You feel very mighty all of a sudden.
The kobold brigand hits you but does no damage.
You closely miss the kobold brigand.
The kobold brigand hits you but does no damage.
The kobold brigand hits you with a +0 short sword.
You hit the kobold brigand.
The kobold brigand is moderately wounded.
The kobold brigand throws a curare-tipped dart.
The curare-tipped dart hits you.
You are poisoned.
You have difficulty breathing.
You feel yourself slow down.
You barely miss the kobold brigand.
You feel very sick.
The kobold brigand closely misses you. x2
The kobold brigand hits you with a +0 short sword!
Unknown command.
You closely miss the kobold brigand.
The kobold brigand is moderately wounded.
You feel very sick.
The kobold brigand hits you with a +0 short sword.
* * * LOW HITPOINT WARNING * * *
The kobold brigand hits you with a +0 short sword!
You die...

≈..≈.≈≈≈≈≈≈≈≈≈≈≈≈≈
≈≈≈≈≈≈≈≈≈≈≈≈≈≈≈≈≈#≈
≈≈≈≈≈≈≈≈≈≈≈≈≈≈≈≈≈≈
≈..≈≈≈≈≈≈≈≈≈≈≈≈≈≈#
..≈≈≈≈≈≈≈≈≈≈≈≈≈≈≈#### ##≈
....≈...≈≈≈≈≈≈≈≈≈#..#..#≈
.........≈.≈...≈K#.....#≈
.†..............@K....#
.†...............#.....#≈
##...............#..#..#≈
####......###..###### ##≈
######...## #### .∩#
##### ###


You could see 2 kobold brigands.

Vanquished Creatures
  A centaur skeleton (D:4)
  A hound skeleton (D:4)
  A river rat (Sewer)
  2 adders (D:4)
  3 dart slugs
  An orc (D:3)
  6 ball pythons
  3 bats (D:1)
  An endoplasm (D:1)
  3 giant cockroaches
  4 goblins
  4 hobgoblins (D:1)
  2 quokkas
  A frilled lizard (D:1)
  3 kobolds
  6 rats
42 creatures vanquished.

Notes
Turn   | Place    | Note
-------+----------+-------------------------------------------
     0 | D:1      | GainsdalftheGwei the Demonspawn Gladiator began the quest
                  | for the Orb.
     0 | D:1      | Reached XP level 1. HP: 16/16 MP: 1/1
   133 | D:1      | Gained mutation: You regenerate magic rapidly. [demonic
                  | ancestry]
   133 | D:1      | Reached XP level 2. HP: 21/22 MP: 2/2
  1299 | D:2      | You fall into a shaft and drop 2 floors!
  1313 | D:4      | Reached XP level 3. HP: 7/28 MP: 3/3
  1843 | D:4      | Reached skill level 1 in Armour
  1843 | D:4      | Gained mutation: You may rarely emit foul miasma when
                  | damaged in melee. [demonic ancestry]
  1843 | D:4      | Reached XP level 4. HP: 33/34 MP: 4/4
  1882 | D:4      | Found a broken altar of Ashenzari.
  2006 | D:4      | Found a shimmering altar of Xom.
  2029 | D:4      | Noticed a phantom
  2042 | D:4      | Noticed a necrophage
  2550 | D:3      | Found a glowing drain.
  2554 | Sewer    | Entered a sewer
  2779 | Sewer    | Noticed a kobold brigand
  2779 | Sewer    | Noticed a kobold brigand
  2786 | Sewer    | Slain by a kobold brigand

Illustrated notes

Levels and vault maps discovered:
D:1:      dpeg_arrival_simpleton_b, layout_loops_corners
D:2:      layout_loops_ring, minmay_pentomino_pile
D:3:      layout_loops_ring, mainiacjoe_overflow_swirl, gup_sewer_entry_bowl,
          palyth_stone_intersect
D:4:      layout_basic, mainiacjoe_overflow_catwalk,
          mainiacjoe_overflow_cross_hatched, lemuel_coloured_pillars_altar,
          minmay_temple_entry_ruins, serial_shops, nicolae_lakefront_shop,
          uniq_eustachio
Sewer:    sewer_minmay_treatment

Skill      XL: |  1  2  3 |
---------------+----------+-----
Long Blades    | 3 |  3.7
Dodging        | 3 |  3.3
Armour         | 1 |  1.3
Fighting       | |  2.6
Throwing       | |  1.8
Stealth        | |  0.3

Action                   |  1- 3 |  4- 6 || total
-------------------------+-------+-------++-------
Melee: Long sword        |    96 |    54 ||   150
  Use: Potion            |     4 |     1 ||     5
       Scroll            |     1 |     3 ||     4
 Stab: Sleeping          |     1 |       ||     1
Armor: Leather armour    |    49 |       ||    49
       Skin              |    19 |       ||    19
       Chain mail        |       |    49 ||    49
Dodge: Dodged            |   115 |    30 ||   145

Table legend: (Time is in decaauts)
 A = Elapsed time spent in this place.
 B = Non-inter-level travel time spent in this place.
 C = Inter-level travel time spent in this place.
 D = Time resting spent in this place.
 E = Time spent auto-exploring this place.
 F = Levels seen in this place.
 G = Mean time per level.
                   A        B        C        D        E       F      G
               +--------+--------+--------+--------+--------+-----+--------+
         Total |   2824 |   2806 |     18 |    657 |   1597 |   5 |  564.8 |
       Dungeon |   2588 |   2570 |     18 |    477 |   1577 |   4 |  647.0 |
         Sewer |    235 |    235 |      0 |    180 |     20 |   1 |  235.0 |
               +--------+--------+--------+--------+--------+-----+--------+

Top non-repeatable levels by time:
     D:1: 1263 daAuts
     D:4: 798 daAuts
     D:3: 474 daAuts
   Sewer: 235 daAuts
     D:2: 52 daAuts
